 Dungeon Crawl Stone Soup version 0.23-a0-332-g9fe5f10 (webtiles) character file.

3591 omnomnOMINOUS the Destroyer (level 10, -7/68 HPs)
             Began as an Octopode Conjurer on Oct 16, 2018.
             Was a Believer of Vehumet.
             Mangled by a two-headed ogre
             ... wielding a cursed +0 giant club
              (17 damage)
             ... on level 8 of the Dungeon.
             The game lasted 00:30:49 (13173 turns).

omnomnOMINOUS the Destroyer (Octopode Conjurer)    Turns: 13173, Time: 00:30:50

Health: -7/68      AC:  1    Str:  7    XL:     10   Next: 10%
Magic:  0/17       EV: 16    Int: 21    God:    Vehumet [**....]
Gold:   416        SH:  0    Dex: 11    Spells: 9/19 levels left

rFire    . . .     SeeInvis +   b - +5 dagger (venom)
rCold    + . .     Gourm    .   (no shield)
rNeg     + . .     Faith    .   (helmet restricted)
rPois    .         Spirit   .   (no amulet)
rElec    .         Reflect  .   E - +1 ring of slaying
rCorr    .         Harm     .   x - ring "Muobolishro" {rC+ rN+ Dex-2 SInv}
MR       .....                  (no ring)
Stlth    +++.......             (no ring)
HPRegen  0.21/turn              (no ring)
MPRegen  0.15/turn              (no ring)
                                (no ring)
                                (no ring)

@: very slightly contaminated
A: almost no armour, stealthy swim, amphibious, 8 rings, constrict 8, camouflage
1, gelatinous body 1
a: Renounce Religion


You were on level 8 of the Dungeon.
You worshipped Vehumet.
Vehumet was pleased with you.
You were not hungry.

You visited 1 branch of the dungeon, and saw 8 of its levels.
You also visited: Ossuary.

You collected 416 gold pieces.

Inventory:

Hand Weapons
 a - a +2 whip of electrocution
 b - a +5 dagger of venom (weapon)
 n - a +0 vampiric short sword
 y - a +0 trident
 A - a +0 dagger of speed
Missiles
 f - 277 stones (quivered)
 i - 176 arrows
 r - 5 poisoned needles
Armour
 l - a +0 shield
Jewellery
 x - the ring "Muobolishro" (right tentacle) {rC+ rN+ Dex-2 SInv}
   (You found it on level 5 of the Dungeon)

   [ring of protection from cold]

   It affects your dexterity (-2).
   It protects you from cold.
   It protects you from negative energy.
   It lets you see invisible.
 E - a +1 ring of slaying (left tentacle)
Scrolls
 d - 3 scrolls of amnesia
 e - 4 scrolls of enchant weapon
 k - 2 scrolls of enchant armour
 m - 5 scrolls of teleportation
 p - 2 scrolls of remove curse
 q - a scroll of blinking {unknown}
 s - a scroll of random uselessness {unknown}
 B - a scroll of summoning {unknown}
Potions
 c - a potion of magic {unknown}
 g - 2 potions of might {unknown}
 h - 2 potions of degeneration {unknown}
 j - a potion of mutation {unknown}
 u - a potion of haste
 v - a potion of heal wounds {unknown}
 w - a potion of lignification {unknown}
 z - 3 potions of agility {unknown}
 C - 3 potions of curing
 D - a potion of cancellation {unknown}
 F - 2 potions of brilliance {unknown}
 G - a potion of flight {unknown}
Comestibles
 t - 7 rations


   Skills:
 + Level 6.2 Fighting
 + Level 6.7 Dodging
 - Level 2.6 Stealth
 + Level 5.8 Shields
 + Level 5.3 Spellcasting
 + Level 8.3 Conjurations


You had 9 spell levels left.
You knew the following spells:

 Your Spells              Type           Power        Failure   Level  Hunger
a - Magic Dart            Conj           ####         1%          1    None
b - Searing Ray           Conj           #####.       1%          2    None
c - Dazzling Spray        Conj/Hex       ###...       6%          3    ##.....
d - Fulminant Prism       Conj/Hex       ###.......   19%         4    ####...

Your spell library contained the following spells:

 Spells                   Type           Power        Failure   Level  Hunger
 Sandblast                Erth           #.....       11%         1    None
 Iskenderun's Mystic Bla  Conj           #####...     3%          4    ####...
 Summon Small Mammal      Summ           #...         11%         1    None
 Call Imp                 Summ           #.......     16%         2    None
 Force Lance              Conj/Tloc      ###.....     19%         4    ####...
 Call Canine Familiar     Summ           #.......     32%         3    ##.....
 Summon Guardian Golem    Hex/Summ       #.......     32%         3    ##.....
 Summon Ice Beast         Ice/Summ       #.......     71%         4    ####...
 Summon Lightning Spire   Summ/Air       #.......     71%         4    ####...


Dungeon Overview and Level Annotations

Branches:
Dungeon (8/15)             Temple (0/1) D:7
   Lair: D:8-11

Altars:
Fedhas
Gozag
Okawaru
Qazlal
Ru
Uskayaw
Vehumet
Wu Jian


Innate Abilities, Weirdness & Mutations

You cannot wear most types of armour.
You are very stealthy in the water. (Stealth+)
You are amphibious.
You can wear up to eight rings at the same time.
You can use your tentacles to constrict eight enemies at once.
Your skin changes colour to match your surroundings (Stealth+).
Your rubbery body absorbs attacks. (AC +1, EV +1)


Message History

Aiming: Dazzling Spray (safe; 6% risk of failure)
Press: ? - help, Shift-Dir - straight line, f/p - two-headed ogre
Aim: a two-headed ogre, wielding two +0 giant clubs (almost dead)
The spray of energy hits the two-headed ogre.
The two-headed ogre is almost dead.
The two-headed ogre completely misses you.
The two-headed ogre hits you with a +0 giant club!
Unknown command.
Casting: Dazzling Spray (safe; 6% risk of failure)
Confirm with . or Enter, or press ? or * to list all spells.
Aiming: Dazzling Spray (safe; 6% risk of failure)
Press: ? - help, Shift-Dir - straight line, f/p - two-headed ogre
Aim: a two-headed ogre, wielding two +0 giant clubs (almost dead)
The spray of energy hits the two-headed ogre.
The two-headed ogre is almost dead.
The two-headed ogre is dazzled.
The two-headed ogre hits you with a cursed +0 giant club!!
* * * LOW HITPOINT WARNING * * *
The two-headed ogre hits you with a +0 giant club!
You die...

##..###..# **,,,,,,,,,,,,,,,
#...##..# ##.......#****,,,,
##......# ###........##
***** ## #...†..#
##..)........#
.###......###............##
#..##.....##.......#......#
##................##......##
##....#..........#........##
##.######.....@O..........##
#..# #..........####....##
##.## ##.........# ##....###
#..# #..........# #.....##
##.## #..###....## ##..O...
#..# #..# ###>..#### ##.....
#.## #.## ###....#####...#
#.# *#.* ##......#..#.# #.##
*.#* #.......###..


You could see a two-headed ogre (blind).

Vanquished Creatures
  Pikel (D:6)
  A hornet (D:8)
  Menkaure (D:7)
  A water moccasin (D:5)
  2 orc warriors (D:6)
  A sky beast (D:8)
  2 ogres
  An ice beast (D:6)
  A necrophage (D:8)
  6 centaurs
  A big kobold (D:4)
  5 bullfrogs
  A water moccasin zombie (Ossuary)
  A wyvern skeleton (D:7)
  3 scorpions
  A howler monkey (D:3)
  4 crimson imps
  A bullfrog zombie (D:7)
  3 jellies
  5 hounds
  A bullfrog skeleton (D:5)
  2 orc priests
  An iguana (D:4)
  3 orc wizards
  2 worker ants (D:5)
  2 mummies (Ossuary)
  2 worker ant zombies
  6 adders
  A howler monkey skeleton (D:8)
  7 adder zombies (Ossuary)
  An adder skeleton (D:7)
  3 worms (D:2)
  2 dart slugs
  6 leopard geckos
  23 orcs
  5 bats
  4 giant cockroaches
  5 goblins
  11 hobgoblins
  5 jackals
  A quokka (D:4)
  2 ball pythons (D:1)
  12 frilled lizards
  6 gnoll zombies (Ossuary)
  2 goblin zombies (D:8)
  5 hobgoblin zombies (Ossuary)
  11 kobolds
  7 kobold zombies (Ossuary)
  A leopard gecko zombie (D:5)
  3 orc zombies (Ossuary)
  8 rats
192 creatures vanquished.

Vanquished Creatures (others)
  3 slaves (D:6)
  An orc priest (D:6)
  3 fulminant prisms (D:8)
7 creatures vanquished.

Grand Total: 199 creatures vanquished

Notes
Turn   | Place    | Note
-------+----------+-------------------------------------------
     0 | D:1      | omnomnOMINOUS the Octopode Conjurer began the quest for the
                  | Orb.
     0 | D:1      | Reached XP level 1. HP: 11/11 MP: 3/3
   238 | D:1      | Reached XP level 2. HP: 14/18 MP: 3/5
   587 | D:1      | Reached skill level 1 in Fighting
   589 | D:1      | Reached XP level 3. HP: 14/23 MP: 4/6
  1518 | D:2      | Found a faded altar of an unknown god.
  1793 | D:2      | Learned a level 2 spell: Searing Ray
  1797 | D:2      | Learned a level 3 spell: Dazzling Spray
  2042 | D:2      | Reached XP level 4. HP: 28/28 MP: 2/7
  2760 | D:3      | Reached skill level 5 in Conjurations
  2760 | D:3      | Reached XP level 5. HP: 34/34 MP: 1/8
  3604 | D:3      | Reached skill level 1 in Shields
  3983 | D:4      | Reached XP level 6. HP: 40/40 MP: 4/9
  4462 | D:4      | Found a radiant altar of Vehumet.
  4621 | D:4      | Found a stormy altar of Qazlal.
  4624 | D:4      | Found a sacrificial altar of Ru.
  4627 | D:4      | Found an iron altar of Okawaru.
  4630 | D:4      | Found an ornate altar of the Wu Jian Council.
  4730 | D:4      | Became a worshipper of Vehumet
  4934 | D:5      | Entered Level 5 of the Dungeon
  4956 | D:5      | Reached skill level 6 in Conjurations
  4988 | D:5      | Reached XP level 7. HP: 31/45 MP: 10/10
  5419 | D:5      | Found an opulent altar of Gozag.
  5471 | D:5      | Got a brightly glowing ivory ring
  5472 | D:5      | Identified the ring "Muobolishro" {rC+ rN+ Dex-2 SInv} (You
                  | found it on level 5 of the Dungeon)
  6209 | D:5      | Reached XP level 8. HP: 29/54 MP: 6/12
  6564 | D:6      | Found a blossoming altar of Fedhas.
  7298 | D:6      | Reached * piety under Vehumet
  7298 | D:6      | Offered knowledge of Flame Tongue by Vehumet.
  7633 | D:6      | Reached skill level 7 in Conjurations
  7649 | D:6      | Reached skill level 5 in Dodging
  8331 | D:6      | Noticed Pikel
  8473 | D:6      | Killed Pikel
  8473 | D:6      | Reached skill level 5 in Fighting
  8473 | D:6      | Reached XP level 9. HP: 33/61 MP: 3/15
  8732 | D:7      | Noticed Menkaure
 10331 | D:7      | Reached skill level 5 in Shields
 10561 | D:7      | Killed Menkaure
 10735 | D:7      | Found a staircase to the Ecumenical Temple.
 11206 | D:8      | Noticed a two-headed ogre
 11231 | D:8      | Found a sand-covered staircase.
 11252 | Ossuary  | Entered an ossuary
 11602 | Ossuary  | Reached ** piety under Vehumet
 11605 | Ossuary  | Offered knowledge of Sandblast by Vehumet.
 11694 | Ossuary  | Reached skill level 8 in Conjurations
 11796 | D:8      | Found a hide-covered altar of Uskayaw.
 11884 | D:8      | Reached skill level 5 in Spellcasting
 12009 | D:8      | Noticed a hornet
 12091 | D:8      | Learned a level 4 spell: Fulminant Prism
 12123 | D:8      | Killed a hornet
 12123 | D:8      | Reached XP level 10. HP: 10/68 MP: 6/17
 13173 | D:8      | Mangled by a two-headed ogre

Vault maps used:
D:1:      dpeg_arrival_simpleton_c, grunt_decor_clamped
D:2:      chequers_ecumenical_altar_simple, minmay_misc_feat_diagonals,
          minmay_lizard_pond
D:3:      first_ration
D:4:      cheibrodos_thug_alley, lemuel_coloured_pillars_altar,
          grunt_temple_overflow_cloverleaf
D:5:      kennysheep_mini_moat
D:6:      fedhas_bush_and_centaur_altar, uniq_pikel
D:7:      minmay_temple_entry_trees, uniq_menkaure
D:8:      eat_drink_and_be_merry_uskayaw, enter_ossuary_4
Ossuary:  ossuary_tomb_2

Skill      XL: |  1  2  3  4  5  6  7  8  9 |
---------------+----------------------------+-----
Fighting       | 1 2 3 5 6 |  6.2
Conjurations   | 5 6 7 8 |  8.3
Dodging        | 3 4 5 6 |  6.7
Shields        | 1 2 3 4 5 |  5.8
Spellcasting   | 4 5 |  5.3
Stealth        | |  2.6

Action                   |  1- 3 |  4- 6 |  7- 9 | 10-12 || total
-------------------------+-------+-------+-------+-------++-------
Melee: Unarmed           |    58 |     1 |       |       ||    59
       Tentacles         |     7 |     2 |    11 |       ||    20
       Constrict         |    11 |     8 |    13 |       ||    32
       Dagger            |       |    27 |    68 |       ||    95
Throw: Stone             |     3 |     2 |       |       ||     5
 Cast: Magic Dart        |    70 |    62 |    66 |    20 ||   218
       Searing Ray       |     1 |     9 |    51 |     8 ||    69
       Dazzling Spray    |       |       |    10 |     2 ||    12
       Fulminant Prism   |       |       |     2 |     1 ||     3
  Use: Scroll            |       |       |    11 |       ||    11
 Stab: Sleeping          |     3 |     5 |     4 |       ||    12
       Invisible         |       |       |     1 |       ||     1
  Eat: Chunk             |     4 |    11 |    16 |     1 ||    32
       Ration            |       |       |     2 |     1 ||     3
Armor: Skin              |     7 |       |     2 |       ||     9
Dodge: Dodged            |    51 |    21 |   126 |     7 ||   205

Table legend:
 A = Non-vault XP
 B = Vault XP
 C = Vault XP percentage of total XP
 D = Non-vault monster count
 E = Vault monster count
 F = Vault count percentage of total count
                 A         B        C        D         E       F
            +---------+---------+-------+---------+---------+-------
      Total |    3902 |    1229 |  24.0 |     138 |      54 |  28.1
            +---------+---------+-------+---------+---------+-------
        D:1 |      52 |       0 |   0.0 |      30 |       0 |   0.0
        D:2 |      55 |       8 |  12.7 |      18 |       8 |  30.8
        D:3 |     110 |       0 |   0.0 |      11 |       0 |   0.0
        D:4 |     127 |     120 |  48.6 |       6 |      10 |  62.5
        D:5 |     733 |       0 |   0.0 |      17 |       0 |   0.0
        D:6 |    1340 |     739 |  35.5 |      27 |       2 |   6.9
        D:7 |     334 |     172 |  34.0 |      11 |       1 |   8.3
        D:8 |    1151 |       2 |   0.2 |      18 |       2 |  10.0
    Ossuary |       0 |     188 | 100.0 |       0 |      31 | 100.0
            +---------+---------+-------+---------+---------+-------
